 Dungeon Crawl Stone Soup version 0.29-a0-275-g389c0b56f3 (webtiles) character file.

Game seed: 6909213454062345734

1400 bande the Chopper (level 8, 0/49 HPs)
             Began as a Gargoyle Fighter on Mar 11, 2022.
             Slain by a wight
             ... wielding a +0 halberd
              (7 damage)
             ... on level 6 of the Dungeon.
             The game lasted 00:09:07 (6011 turns).

bande the Chopper (Gargoyle Fighter)                Turns: 6011, Time: 00:09:08

Health: 0/49       AC: 15    Str: 21    XL:     8   Next: 69%
Magic:  8/8        EV: 11    Int:  8    God:
Gold:   400        SH: 10    Dex: 11    Spells: 7/7 levels left

rFire   . . .      SeeInvis +   w - +2 hand axe (flame)
rCold   . . .      Faith    .   c - +0 buckler
rNeg    + . .      Spirit   .   v - +0 chain mail
rPois   ∞          Reflect  +   (no helmet)
rElec   +          Harm     .   (no cloak)
rCorr   .          Rampage  .   (no gloves)
Will    .....                   (no boots)
Stlth   ..........              l - amulet of reflection
HPRegen 0.16/turn               e - +4 ring of evasion
MPRegen 0.11/turn               h - ring of see invisible

@: no status effects
A: sickness immunity, AC +5, negative energy resistance 1, electricity
resistance, torment resistance 1, petrification resistance
a: no special abilities


You were on level 6 of the Dungeon.
You visited 1 branch of the dungeon, and saw 6 of its levels.

You collected 400 gold pieces.

Inventory:

Hand Weapons
 a - a +1 war axe of venom
 f - a +0 war axe
 m - a +0 flail
 w - a +2 hand axe of flaming (weapon)
Armour
 c - a +0 buckler (worn)
 p - an orb of light
 v - a +0 chain mail (worn)
Jewellery
 e - a +4 ring of evasion (left hand)
 h - a ring of see invisible (right hand)
 l - an amulet of reflection (around neck)
 n - a ring of protection from fire
 u - a ring of fire
Wands
 k - a wand of iceblast (9)
Scrolls
 b - a scroll of fear
 s - 2 scrolls of fog
 y - a scroll of magic mapping
 z - a scroll of teleportation
 A - a scroll of identify
 B - a scroll of enchant weapon
Potions
 d - 3 potions of might
 g - 3 potions of curing
 i - a potion of flight {unknown}
 j - 2 potions of heal wounds
 o - a potion of attraction {unknown}
 q - a potion of lignification {unknown}
 r - 2 potions of resistance {unknown}
 t - 2 potions of haste {unknown}
 x - a potion of berserk rage {unknown}


   Skills:
 + Level 5.2 Fighting
 + Level 6.4 Axes
 + Level 6.1 Armour
 + Level 6.0 Shields
 * Level 1.7 Evocations


You had 7 spell levels left.
You didn't know any spells.
Your spell library contained the following spells:

 Spells                   Type           Power      Damage    Failure   Level
 Gell's Gravitas          Tloc           0%         N/A       100%        3
 Teleport Other           Tloc           0%         N/A       100%        3
 Dispersal                Tloc           0%         N/A       100%        6


Dungeon Overview and Level Annotations

Branches:
Dungeon (6/15)
 Temple: D:4-7

Altars:
Zin

Annotations:
D:6 1 runed translucent door, IdlyInterested's ghost, novice DsGl


Innate Abilities, Weirdness & Mutations

You are immune to sickness and miasma.
Your stone body is resilient. (AC +5)
You are immune to poison.
You resist negative energy. (rN+)
You are resistant to electric shocks. (rElec)
You are resistant to unholy torment.
You are immune to petrification.


Message History

* * * LOW HITPOINT WARNING * * *
The wight freezes you.
* * * LOW HITPOINT WARNING * * *
The wight hits you from afar with a +0 halberd.
* * * LOW HITPOINT WARNING * * *
You feel much better. You block the wight's attack.
The wight barely misses you.
You hit the wight but do no damage.
The wight is severely damaged.
The wight hits you with a +3 falchion of freezing.
The wight freezes you.
The wight hits you from afar with a +0 halberd.
You closely miss the wight.
The wight is severely damaged.
You block the wight's attack. The wight hits you but does no damage.
You hit the wight but do no damage.
The wight is severely damaged.
The wight hits you but does no damage. You block the wight's attack.
You hit the wight. You burn the wight.
You destroy the wight!
The wight barely misses you.
Your Shields skill increases to level 6!
A wight comes into view. It is wielding a +3 battleaxe.
The wight hits you with a +0 halberd!
* * * LOW HITPOINT WARNING * * *
Items here: ))) [[[.
You hit the wight. You burn the wight.
The wight is lightly damaged.
The wight closely misses you.
You hit the wight but do no damage.
The wight is lightly damaged.
The wight hits you with a +0 halberd.
* * * LOW HITPOINT WARNING * * *
You closely miss the wight.
The wight is lightly damaged.
The wight hits you but does no damage.
You barely miss the wight.
The wight is lightly damaged.
The wight hits you with a +0 halberd!
You die...

########
#......#
#.####(# #.#
#@# #.# #z#
#.# #z# #.#
#.# #.# #.#
#. #.###.
#.# #.# #.#.
#.#... #.#
#.# ##...
#..... #.#
#..
....###.#.#.
#.#
##..#.......


You could see 2 wights.

Vanquished Creatures
  A wraith (D:5)
  An acid dragon (D:6)
  A sky beast (D:4)
  2 black bears
  An ogre (D:4)
  2 necrophages (D:6)
  A scorpion (D:3)
  3 wights (D:6)
  2 howler monkeys (D:5)
  2 orc priests
  2 iguanas (D:5)
  3 orc wizards
  3 gnolls (D:2)
  5 adders
  A white imp (D:5)
  2 worms (D:2)
  6 dart slugs
  19 orcs
  6 endoplasms
  3 giant cockroaches
  5 goblins
  5 hobgoblins
  4 jackals (D:1)
  7 quokkas
  4 ball pythons
  6 bats
  4 frilled lizards
  4 kobolds
  3 rats
108 creatures vanquished.

Notes
Turn   | Place    | Note
-------+----------+-------------------------------------------
     0 | D:1      | bande the Gargoyle Fighter began the quest for the Orb.
     0 | D:1      | Reached XP level 1. HP: 14/14 MP: 1/1
   215 | D:1      | Reached XP level 2. HP: 16/19 MP: 2/2
   595 | D:1      | Reached XP level 3. HP: 21/23 MP: 3/3
  1003 | D:2      | Reached XP level 4. HP: 20/29 MP: 4/4
  1162 | D:2      | Found a faded altar of an unknown god.
  1358 | D:2      | Reached XP level 5. HP: 33/33 MP: 5/5
  2064 | D:3      | Reached XP level 6. HP: 36/38 MP: 6/6
  2203 | D:3      | Found a glowing silver altar of Zin.
  3621 | D:5      | Entered Level 5 of the Dungeon
  3835 | D:5      | Noticed a wraith
  3866 | D:5      | Killed a wraith
  3867 | D:5      | Reached skill level 5 in Axes
  3867 | D:5      | Reached XP level 7. HP: 24/44 MP: 7/7
  4057 | D:4      | Reached skill level 5 in Armour
  4057 | D:4      | Reached skill level 5 in Shields
  4234 | D:4      | Reached XP level 8. HP: 36/48 MP: 8/8
  5188 | D:6      | Reached skill level 5 in Fighting
  5199 | D:6      | Found a runed translucent door.
  5334 | D:6      | Reached skill level 1 in Evocations
  5871 | D:6      | Noticed IdlyInterested's ghost (novice DsGl)
  5995 | D:6      | HP: 2/49 [wight/+3 falchion of freezing (2)]
  6011 | D:6      | Slain by a wight

Illustrated notes

Levels and vault maps discovered:
D:1:      minmay_arrival_cross, layout_basic
D:2:      layout_basic, dreamdust_ecumenical_altar_statues, kennysheep_boxes
D:3:      layout_basic, zin_treasury, minmay_increasing_density
D:4:      cheibrodos_pilgrimage, layout_basic, kennysheep_nondescript,
          grunt_ministairs_6, hangedman_decor_points
D:5:      layout_basic, st_stairs_6
D:6:      layout_basic, ebering_ghost_reflecting_pool

Skill      XL: |  1  2  3  4  5  6  7  8 |
---------------+-------------------------+-----
Axes           | 2 3 4 5 6 |  6.4
Shields        | 4 5 6 |  6.0
Fighting       | 4 5 |  5.2
Armour         | 4 5 6 |  6.1
Evocations     | 1 |  1.7

Action                   |  1- 3 |  4- 6 |  7- 9 || total
-------------------------+-------+-------+-------++-------
Melee: War axe           |    88 |   144 |       ||   232
       Hand axe          |       |    28 |   126 ||   154
  Use: Scroll            |     6 |     6 |     2 ||    14
       Potion            |       |       |     2 ||     2
Armor: Scale mail        |    36 |    39 |       ||    75
       Chain mail        |       |    13 |    52 ||    65
Dodge: Dodged            |    71 |    85 |    52 ||   208
Block: Buckler           |    26 |    80 |    68 ||   174
       Reflection        |       |       |     3 ||     3

Table legend: (Time is in decaauts)
 A = Elapsed time spent in this place.
 B = Non-inter-level travel time spent in this place.
 C = Inter-level travel time spent in this place.
 D = Time resting spent in this place.
 E = Time spent auto-exploring this place.
 F = Levels seen in this place.
 G = Mean time per level.
                   A        B        C        D        E       F      G
               +--------+--------+--------+--------+--------+-----+--------+
         Total |   6146 |   6131 |     15 |   1037 |   3862 |   6 | 1024.3 |
       Dungeon |   6146 |   6131 |     15 |   1037 |   3862 |   6 | 1024.3 |
               +--------+--------+--------+--------+--------+-----+--------+

Top non-repeatable levels by time:
     D:4: 1482 daAuts
     D:5: 1188 daAuts
     D:1: 988 daAuts
     D:2: 900 daAuts
     D:6: 848 daAuts
     D:3: 739 daAuts
